 Dungeon Crawl Stone Soup version 0.32-a0-685-g93135e86f0 (webtiles) character file.

Game seed: 7578074636703124234

7969 Aldia the Cleaver (level 11, -6/87 HPs)
             Began as a Coglin Berserker on Mar 12, 2024.
             Was a High Priest of Trog.
             Mangled by an orc warrior
             ... wielding a +0 halberd
              (11 damage)
             ... on level 10 of the Dungeon.
             The game lasted 00:15:06 (8906 turns).

Aldia the Cleaver (Coglin Berserker)                Turns: 8906, Time: 00:15:06

Health: -6/87      AC: 13    Str: 21      XL:     11   Next: 23%
Magic:  11/11      EV: 14    Int:  7      God:    Trog [*****.]
Gold:   189        SH:  0    Dex: 13 (14) Spells: 10/10 levels left

rFire   + . .        d - +0 war axe {Chinhae}
rCold   . . .        t - +3 war axe (elec) {Miranda}
rNeg    . . .        J - +3 ring mail {rF+}
rPois   .            L - +0 helmet
rElec   .            (no cloak)
rCorr   .            q - +0 pair of gloves
SInv    .            C - +0 pair of boots
Will    .....        (amulet unavailable)
Stlth   +            (ring unavailable)
HPRegen 0.34/turn    (ring unavailable)
MPRegen 0.12/turn    (no gizmo)

%: no passive effects
@: spiked, revved
A: off-hand wielding, slow wielding, warmup strikes, no jewellery
a: Invent Gizmo, Renounce Religion, Berserk, Trog's Hand, Brothers in Arms


You were on level 10 of the Dungeon.
You worshipped Trog.
Trog was extremely pleased with you.
You visited 2 branches of the dungeon, and saw 11 of its levels.
You also visited: Sewer and Bailey.

You collected 563 gold pieces.
You spent 374 gold pieces at shops.

Inventory:

Hand Weapons
 a - a +0 hand axe {Rubén}
 d - a +0 war axe (weapon) {Chinhae}
 j - a +2 dagger of freezing {Ilshubani}
 t - a +3 war axe of electrocution (offhand) {Miranda}
Armour
 p - a +0 scale mail
 q - a +0 pair of gloves (worn)
 r - a +3 leather armour of poison resistance
 u - a +0 chain mail
 C - a +0 pair of boots (worn)
 J - a +3 ring mail of fire resistance (worn)
 L - a +0 helmet (worn)
Wands
 g - a wand of flame (23)
 v - a wand of charming (28)
 A - a wand of roots (4)
 M - a wand of mindburst (6)
Scrolls
 b - 2 scrolls of immolation
 e - 5 scrolls of teleportation
 h - a scroll of revelation
 k - a scroll of vulnerability
 m - a scroll of brand weapon
 n - 2 scrolls of fog
 o - a scroll of enchant armour {unknown}
 s - a scroll of noise {unknown}
 x - a scroll of fear
 y - a scroll of butterflies {unknown}
 B - a scroll of enchant weapon
 F - a scroll of blinking {unknown}
 H - a scroll of poison {unknown}
Potions
 c - 3 potions of curing
 f - 3 potions of heal wounds
 i - 2 potions of cancellation
 l - 3 potions of might
 w - 6 potions of mutation
 z - a potion of enlightenment
 D - 4 potions of invisibility
 E - 2 potions of attraction
 G - 2 potions of degeneration
 I - a potion of berserk rage
 K - a potion of magic {unknown}


   Skills:
 + Level 8.3 Fighting
 * Level 11.3 Axes
 - Level 7.0 Armour
 + Level 7.2 Dodging
 + Level 1.8 Evocations


You had 10 spell levels left.
You didn't know any spells.
Your spell library contained the following spells:

 Spells                   Type           Power      Damage    Failure   Level
 Apportation              Tloc           0%         N/A       56%         1
 Necrotise                Necr           0%         1d4       56%         1
 Sting                    Conj/Alch      0%         1d3       56%         1
 Summon Small Mammal      Summ           0%         N/A       56%         1
 Mercury Vapours          Alch/Air       0%         N/A       71%         2
 Momentum Strike          Conj/Tloc      0%         3d8       71%         2
 Leda's Liquefaction      Alch/Erth      0%         N/A       100%        4
 Passage of Golubria      Tloc           0%         N/A       100%        4
 Sticky Flame             Fire/Alch      0%         2d4       100%        4
 Malign Gateway           Summ/Tloc      0%         N/A       100%        7
 Summon Horrible Things   Summ           0%         N/A       100%        8
 Fire Storm               Conj/Fire      0%         5d1       100%        9


Dungeon Overview and Level Annotations

Branches:
Dungeon (10/15)            Temple (1/1) D:7            Lair (0/5) D:10
  Sewer (visited)          Bailey (visited)
    Orc: D:9-12

Altars:
Ashenzari
Cheibriados
Elyvilon
Fedhas
Gozag
Hepliaklqana
Kikubaaqudgha
Makhleb
Nemelex Xobeh
Okawaru
Qazlal
Ru
Sif Muna
Trog
Uskayaw
Vehumet
Wu Jian
Xom
Yredelemnul
Zin
The Shining One

Shops:
D:9 !

Annotations:
D:3 1 runed translucent door


Innate Abilities, Weirdness & Mutations

You can wield a second weapon in your off-hand.
It takes a long time for you to wield or remove held weapons.
Your first few attacks do less damage.
You cannot equip rings or amulets.


Message History

You completely miss the orc warrior with your +3 war axe of electrocution.
You barely miss the gnoll sergeant with your +3 war axe of electrocution.
You slash the orc wizard with your +0 war axe!
You closely miss the orc warrior with your +0 war axe.
You hit the gnoll sergeant with your +0 war axe.
The kobold demonologist gestures wildly while chanting.
The gnoll sergeant hits you but does no damage.
The orc warrior hits you with a +0 halberd.
* * * LOW HITPOINT WARNING * * *
Unknown command.
The kobold demonologist hits you but does no damage.
Something hits you.
* * * LOW HITPOINT WARNING * * *
The orc wizard closely misses you.
The gnoll sergeant hits you with a +0 spear.
* * * LOW HITPOINT WARNING * * *
The orc warrior hits you with a +0 halberd.
* * * LOW HITPOINT WARNING * * *
The red devil hits you from afar with a +0 trident!
* * * LOW HITPOINT WARNING * * *
Barbed spikes become lodged in your body.
Unknown command.
Unknown command.
You closely miss the kobold demonologist with your +0 war axe.
You barely miss the orc wizard with your +0 war axe.
You hit something but do no damage.
You hit the orc warrior with your +0 war axe.
You hit the gnoll sergeant but do no damage.
You hit the kobold demonologist but do no damage.
You miss something with your +3 war axe of electrocution.
You barely miss the orc warrior with your +3 war axe of electrocution.
You slash the gnoll sergeant with your +3 war axe of electrocution!
Lightning courses through the gnoll sergeant!
You kill the gnoll sergeant!
Trog accepts your kill.
You barely miss the orc wizard with your +3 war axe of electrocution.
The kobold demonologist barely misses you.
Something barely misses you. The orc wizard misses you.
The orc warrior hits you with a +0 halberd!
You die...

#... #.....# ..#...
###.....# ##.....###
#.....###
.........#######.....#
..........##.)†).....#
........!..#)#######.#
.)..>...)....# #.#
.......o.....# #..
......{@.)#..# #...
.....4K)o##..# ...#
##.....####....
....... ...... .......
....... ..>....
....... .......
~≈~~≈~.


You could see a kobold demonologist, a red devil (summoned), an orc warrior and
an orc wizard.

Vanquished Creatures
  A boulder beetle (D:9)
  Joseph (D:8)
  A gargoyle (Bailey)
  Maggie (D:8)
  A kobold demonologist (D:10)
  Jeremiah (D:8)
  Psyche (D:8)
  A troll (D:9)
  A vampire (Bailey)
  A wraith (D:10)
  A wyvern (D:7)
  A warg (D:10)
  A steam dragon (D:8)
  A sky beast (D:7)
  4 orc warriors
  An ogre (D:5)
  2 wolves (D:10)
  A crocodile (Sewer)
  2 phantoms
  A brain worm (Sewer)
  2 bullfrogs
  6 kobold brigands
  3 gnoll sergeants
  3 scorpions
  14 wights
  4 killer bees (D:8)
  9 vampire bats (Bailey)
  7 wolf zombies (Bailey)
  2 howler monkeys (D:10)
  A bombardier beetle (D:5)
  7 hounds
  A lava snake (D:7)
  6 orc priests
  A jelly (D:5)
  4 sleepcaps
  4 iguanas
  10 orc wizards
  7 gnolls
  10 adders
  4 river rats (Sewer)
  A white imp (D:6)
  A dart slug (D:4)
  3 ribbon worms
  30 orcs
  13 ball pythons
  10 endoplasms
  A giant cockroach (D:1)
  7 goblins
  6 hobgoblins
  9 jackals
  28 kobolds
  6 quokkas
  4 bats
  8 frilled lizards
  28 orc zombies (Bailey)
  12 rats
297 creatures vanquished.

Notes
Turn   | Place    | Note
-------+----------+-------------------------------------------
     0 | D:1      | Aldia the Coglin Berserker began the quest for the Orb.
     0 | D:1      | Reached XP level 1. HP: 18/18 MP: 1/1
   113 | D:1      | Reached XP level 2. HP: 24/24 MP: 2/2
   409 | D:1      | Reached XP level 3. HP: 27/29 MP: 3/3
   896 | D:2      | Reached ** piety under Trog
  1082 | D:2      | Found a faded altar of an unknown god.
  1222 | D:2      | Identified the +4 buckler of Utat {Int+3}
  1595 | D:3      | Found a broken altar of Ashenzari.
  1627 | D:3      | Reached XP level 4. HP: 35/35 MP: 4/4
  1661 | D:3      | Found a glowing drain.
  1679 | Sewer    | Entered a sewer
  1689 | Sewer    | Reached skill level 4 in Axes
  1750 | Sewer    | Noticed a kobold brigand
  1752 | Sewer    | Reached XP level 5. HP: 33/42 MP: 5/5
  1761 | Sewer    | Killed a kobold brigand
  1844 | Sewer    | Noticed a kobold brigand
  1854 | Sewer    | Killed a kobold brigand
  1855 | Sewer    | Reached XP level 6. HP: 27/48 MP: 6/6
  2015 | Sewer    | Reached skill level 5 in Axes
  2772 | D:3      | Found an ancient bone altar of Kikubaaqudgha.
  2891 | D:3      | Found an iron altar of Okawaru.
  2893 | D:3      | Found a runed translucent door.
  2897 | D:3      | Found the +0 toga "Victory" {*Victory Clar}
  3001 | D:3      | Reached XP level 7. HP: 52/55 MP: 7/7
  3188 | D:3      | Reached *** piety under Trog
  3199 | D:3      | Found a sacrificial altar of Ru.
  4204 | D:5      | Entered Level 5 of the Dungeon
  4324 | D:5      | Reached skill level 6 in Axes
  4440 | D:5      | Found a glowing golden altar of the Shining One.
  4607 | D:5      | Reached skill level 5 in Fighting
  4607 | D:5      | Reached XP level 8. HP: 62/62 MP: 8/8
  4690 | D:5      | Found a burning altar of Makhleb.
  4816 | D:5      | Identified the +0 leather armour of Misanthropy {rF++ Int-5
                  | Stlth+}
  5022 | D:5      | Got the Incunable of the Pyre and Angles
  5473 | D:6      | Reached skill level 7 in Axes
  5657 | D:6      | Reached **** piety under Trog
  5845 | D:7      | Reached XP level 9. HP: 49/69 MP: 9/9
  5963 | D:7      | Reached skill level 5 in Armour
  6051 | D:7      | Reached skill level 5 in Dodging
  6060 | D:7      | Reached skill level 8 in Axes
  6269 | D:7      | Found a staircase to the Ecumenical Temple.
  6279 | Temple   | Entered the Ecumenical Temple
  6723 | D:8      | Noticed Joseph
  6728 | D:8      | Killed Joseph
  6956 | D:8      | Noticed Maggie
  6964 | D:8      | Killed Maggie
  6965 | D:8      | Reached skill level 9 in Axes
  7024 | D:8      | Noticed Jeremiah
  7033 | D:8      | Killed Jeremiah
  7034 | D:8      | Reached XP level 10. HP: 77/77 MP: 10/10
  7196 | D:8      | Noticed Psyche
  7207 | D:8      | Killed Psyche
  7544 | D:9      | Found Laifouno's Distillery.
  7552 | D:9      | Bought a potion of mutation for 88 gold pieces
  7552 | D:9      | Bought a potion of invisibility for 88 gold pieces
  7552 | D:9      | Bought a potion of degeneration for 11 gold pieces
  7552 | D:9      | Bought a potion of heal wounds for 55 gold pieces
  7552 | D:9      | Bought a potion of berserk rage for 55 gold pieces
  7552 | D:9      | Bought a potion of might for 44 gold pieces
  7552 | D:9      | Bought a potion of attraction for 33 gold pieces
  7557 | D:9      | Reached skill level 10 in Axes
  7633 | D:9      | Found a flagged portal.
  7642 | Bailey   | Entered a bailey
  7728 | Bailey   | Reached ***** piety under Trog
  7894 | Bailey   | Got the Cyclopedia of Viperous Nonlocality
  7910 | Bailey   | Noticed a gargoyle
  7915 | Bailey   | Killed a gargoyle
  8626 | D:9      | Found a bloodstained altar of Trog.
  8660 | D:10     | Entered Level 10 of the Dungeon
  8683 | D:10     | Reached XP level 11. HP: 81/86 MP: 11/11
  8784 | D:10     | Noticed a rakshasa
  8784 | D:10     | Noticed a boulder beetle
  8796 | D:9      | Killed a boulder beetle
  8797 | D:9      | Reached skill level 11 in Axes
  8882 | D:10     | Reached skill level 1 in Evocations
  8895 | D:10     | Noticed a sixfirhy
  8895 | D:10     | Found a staircase to the Lair.
  8906 | D:10     | Mangled by an orc warrior

Illustrated notes

Levels and vault maps discovered:
D:1:      dpeg_arrival_water_temple_mockup, layout_loops_ring,
          minmay_pentomino_s4
D:2:      layout_loops_ring, shapermc_ecumenical_altar_ellora
D:3:      layout_loops_ring, mainiacjoe_overflow_surrounded_room,
          lemuel_coloured_pillars_altar, nicolae_ashenzari_skybound,
          nicolae_overflow_guarded_unrand_okawaru_victory, portal_sewer_entry_d
D:4:      layout_loops_ring
D:5:      layout_loops_ring, lightli_temple_of_fire,
          mainiacjoe_overflow_six_doors_small, kennysheep_potato
D:6:      layout_basic
D:7:      layout_loops_ring, minmay_temple_entry_proselytizer, kennysheep_boxes
D:8:      layout_gridville, uniq_psyche, uniq_jeremiah, uniq_joseph, uniq_maggie
D:9:      layout_rooms, trog_book, enter_bailey_2, serial_shops, shop
D:10:     lemuel_castle_with_subvaults [lemuel_castle_interior_carwin_1],
          layout_irregular_city, grunt_dithmenos_shadows,
          erik_lair_orcish_takeover, erik_orc_2, kennysheep_small_spiral,
          minmay_bent
Temple:   nicolae_temple_great_sept

Skill      XL: |  1  2  3  4  5  6  7  8  9 10 11 |
---------------+----------------------------------+-----
Dodging        | 2 3 4 5 6 7 |  7.2
Armour         | 2 3 4 5 6 7 |  7.0
Axes           | 4 5 6 7 9 10 11 | 11.3
Fighting       | 4 5 6 8 |  8.3
Evocations     | 1 |  1.8

Action                     |  1- 3 |  4- 6 |  7- 9 | 10-12 || total
---------------------------+-------+-------+-------+-------++-------
  Melee: Hand axe          |    81 |   116 |    81 |       ||   278
         Dagger            |    77 |   116 |    18 |       ||   211
         War axe           |       |       |   313 |   309 ||   622
 Invoke: Berserk           |       |     3 |     4 |     6 ||    13
         Trog's Hand       |       |       |     2 |     2 ||     4
    Use: Scroll            |       |     1 |     4 |     5 ||    10
         Potion            |       |       |     1 |     1 ||     2
 Armour: Animal skin       |     5 |       |       |       ||     5
         Ring mail         |    32 |    69 |       |    62 ||   163
         Scale mail        |       |     2 |    51 |       ||    53
         Chain mail        |       |       |   104 |    82 ||   186
  Dodge: Dodged            |    52 |    56 |   100 |   104 ||   312

Table legend: (Time is in decaauts)
 A = Elapsed time spent in this place.
 B = Non-inter-level travel time spent in this place.
 C = Inter-level travel time spent in this place.
 D = Time resting spent in this place.
 E = Time spent auto-exploring this place.
 F = Levels seen in this place.
 G = Mean time per level.
                   A        B        C        D        E       F      G
               +--------+--------+--------+--------+--------+-----+--------+
         Total |   9236 |   8874 |    362 |    286 |   6476 |  13 |  710.5 |
       Dungeon |   7524 |   7162 |    362 |     33 |   5687 |  10 |  752.4 |
        Temple |      1 |      1 |      0 |      0 |      0 |   1 |    1.0 |
         Sewer |   1219 |   1219 |      0 |    170 |    750 |   1 | 1219.0 |
        Bailey |    489 |    489 |      0 |     83 |     39 |   1 |  489.0 |
               +--------+--------+--------+--------+--------+-----+--------+

Top non-repeatable levels by time:
   Sewer: 1219 daAuts
     D:7: 932 daAuts
     D:4: 850 daAuts
     D:8: 849 daAuts
     D:1: 843 daAuts
     D:5: 799 daAuts
     D:3: 787 daAuts
     D:6: 777 daAuts
     D:2: 751 daAuts
     D:9: 725 daAuts
  Bailey: 489 daAuts
    D:10: 207 daAuts
  Temple: 1 daAuts
